 Dungeon Crawl Stone Soup version 0.25-a0-424-g80bd347ae0 (webtiles) character file.

Game seed: 4252436463983423257, levelgen mode: deterministic

7 MisterFreud the Cutter (level 2, -4/29 HPs)
             Began as a Gnoll Chaos Knight on Jan 20, 2020.
             Was a Plaything of Xom.
             Slain by a jumping spider (shapeshifter) (6 damage)
             ... on level 1 of the Dungeon.
             The game lasted 00:00:30 (117 turns).

MisterFreud the Cutter (Gnoll Chaos Knight)          Turns: 117, Time: 00:00:31

Health: -4/29      AC:  5    Str: 16    XL:     2   Next: 4%
Magic:  2/2        EV: 12    Int: 14    God:    Xom [..*...]
Gold:   0          SH:  0    Dex: 14    Spells: 1/1 levels left

rFire    . . .     SeeInvis .   a - +0 short sword (chaos)
rCold    . . .     Gourm    .   (no shield)
rNeg     . . .     Faith    .   b - +2 leather armour
rPois    .         Spirit   .   (no helmet)
rElec    .         Reflect  .   (no cloak)
rCorr    .         Harm     .   (no gloves)
MR       .....                  (no boots)
Stlth    +.........             (no amulet)
HPRegen  0.09/turn              e - +2 ring of strength
MPRegen  0.08/turn              (no ring)

@: no status effects
A: distributed training, fangs 1, strong nose
a: Renounce Religion


You were on level 1 of the Dungeon.
You worshipped Xom.
You were a toy of Xom.
You were not hungry.

You visited 1 branch of the dungeon, and saw 1 of its levels.

Inventory:

Hand Weapons
 a - a +0 short sword of chaos (weapon)
Armour
 b - a +2 leather armour (worn)
Jewellery
 e - a +2 ring of strength (left hand)
Scrolls
 d - a scroll of remove curse {unknown}
Comestibles
 c - a ration
 f - 9 chunks of flesh


   Skills:
 + Level 6.4 Fighting
 + Level 6.4 Short Blades
 + Level 0.2 Long Blades
 + Level 0.2 Axes
 + Level 0.2 Maces & Flails
 + Level 0.2 Polearms
 + Level 0.2 Staves
 + Level 0.2 Slings
 + Level 0.2 Bows
 + Level 0.2 Crossbows
 + Level 0.2 Throwing
 + Level 4.4 Armour
 + Level 2.4 Dodging
 + Level 0.2 Stealth
 + Level 0.2 Shields
 + Level 0.2 Unarmed Combat
 + Level 0.2 Spellcasting
 + Level 0.1 Conjurations
 + Level 0.1 Hexes
 + Level 0.1 Charms
 + Level 0.1 Summonings
 + Level 0.1 Necromancy
 + Level 0.1 Translocations
 + Level 0.1 Transmutations
 + Level 0.1 Fire Magic
 + Level 0.1 Ice Magic
 + Level 0.1 Air Magic
 + Level 0.1 Earth Magic
 + Level 0.1 Poison Magic
 + Level 0.3 Invocations
 + Level 0.2 Evocations


You had one spell level left.
You didn't know any spells.
Your spell library was empty.

Dungeon Overview and Level Annotations

Branches:
Dungeon (1/15)

Altars:


Innate Abilities, Weirdness & Mutations

Your experience applies equally to all skills.
You have very sharp teeth.
Your uncanny sense of smell can sniff out nearby items.


Message History

Ouch! That really hurt!
* * * LOW HITPOINT WARNING * * *
Xom is highly amused!
You are caught in a web!
The jumping spider barely misses you.
The web tears apart.
The jumping spider pounces on you.
* * * LOW HITPOINT WARNING * * *
The jumping spider bites you but does no damage.
You aren't carrying any items that you can evoke.
Unknown command.
The jumping spider pounces on you but does no damage.
The jumping spider closely misses you. The jumping spider barely misses you.
The jumping spider misses you. The jumping spider pounces on you.
* * * LOW HITPOINT WARNING * * *
You are caught in a web!
The jumping spider barely misses you.
There is a web here.
The web tears apart.
The jumping spider barely misses you. The jumping spider misses you.
The jumping spider pounces on you.
You die...
Xom bursts into laughter!

#######.?...# #.#.#.#.#.#.#
#?#.#.#.#..# #.#.#.#.#.#
#.#.#.#.#..# #.#?#.#.#.#.#
#.#.#.#.#.#..#############
..#.#.#.#s#÷#..............
#.#.#.#.#.#@#.......########
#...#.#.#.#.#.#......#
#..#.#.#.#.#.#.......#
...#.#.#.#.#.#......####.###
.#.#.#.#.#.#........÷......
....#######........###..##
.. #........# # ##...).#.# #
#####..#.#


You could see a jumping spider shaped shifter.

Vanquished Creatures
  A ball python (D:1)
  2 jackals (D:1)
  3 bats (D:1)
6 creatures vanquished.

Notes
Turn   | Place    | Note
-------+----------+-------------------------------------------
     0 | D:1      | MisterFreud the Gnoll Chaos Knight began the quest for the
                  | Orb.
     0 | D:1      | Reached XP level 1. HP: 23/23 MP: 1/1
    99 | D:1      | Reached XP level 2. HP: 28/29 MP: 2/2
   108 | D:1      | Noticed a shapeshifter
   108 | D:1      | a dart slug changed into a shapeshifter
   108 | D:1      | Noticed a jumping spider
   108 | D:1      | a shapeshifter changed into a jumping spider
   117 | D:1      | Slain by a jumping spider (shapeshifter)

Levels and vault maps discovered:
D:1:      onia_arrival_pentagram, layout_basic, minivault_23,
          minmay_misc_feat_alley, serial_bayou_crossing

Action                   || total
-------------------------++-------
Melee: Short sword       ||    16
       Bite              ||     1
Armor: Leather armour    ||     6
Dodge: Dodged            ||    21

Table legend:
 A = Non-vault XP
 B = Vault XP
 C = Vault XP percentage of total XP
 D = Non-vault monster count
 E = Vault monster count
 F = Vault count percentage of total count
                 A         B        C        D         E       F
            +---------+---------+-------+---------+---------+-------
      Total |      11 |       0 |   0.0 |       6 |       0 |   0.0
            +---------+---------+-------+---------+---------+-------
        D:1 |      11 |       0 |   0.0 |       6 |       0 |   0.0
            +---------+---------+-------+---------+---------+-------
